 Dungeon Crawl Stone Soup version 0.19.1-1-g22dce08 (webtiles) character file.

94 somonday the Magician (level 4, -12/30 HPs)
             Began as a Mummy Wizard on Jan 18, 2017.
             Mangled by a two-headed ogre
             ... wielding a +0 giant club
              (14 damage)
             ... on level 1 of the Dungeon.
             The game lasted 00:12:25 (7882 turns).

somonday the Magician (Mummy Wizard)                Turns: 7882, Time: 00:12:26

Health: -12/30     AC:  2    Str: 10    XL:     4   Next: 38%
Magic:  4/9        EV: 12    Int: 18    God:
Gold:   89         SH:  0    Dex: 10    Spells: 3 memorised, 3 levels left

rFire  x . .     SeeInvis .     j - +4 falchion
rCold  + . .     Gourm    .     a - +0 robe
rNeg   + + +     Faith    .     (no shield)
rPois  ∞         Spirit   .     b - +0 hat
rElec  .         Reflect  .     (no cloak)
rCorr  .         Harm     .     (no gloves)
MR     .....                    (no boots)
Stlth  ++........               (no amulet)
                                (no ring)
                                (no ring)

@: no status effects
A: no food or potions, fire vulnerability, cold resistance 1, negative energy
resistance 3, torment resistance, unbreathing
a: no special abilities


You were on level 1 of the Dungeon.
You were not hungry.

You visited 1 branch of the dungeon, and saw 3 of its levels.

You collected 89 gold pieces.

Inventory:

Hand Weapons
 j - a +4 falchion (weapon)
Armour
 a - a +0 robe (worn)
 b - a +0 hat (worn)
Wands
 e - a wand of confusion (39/48)
Scrolls
 d - a scroll of enchant weapon {unknown}
 f - a scroll of identify {unknown}
 g - a scroll of fog {unknown}
 h - a scroll of remove curse {unknown}
Books
 c - a book of Minor Magic

   Spells                             Type                      Level
   a - Magic Dart                     Conjuration                  1
   b - Blink                          Translocation                2
   c - Call Imp                       Summoning                    2
   d - Repel Missiles                 Charms/Air                   2
   e - Slow                           Hexes                        2
   f - Conjure Flame                  Conjuration/Fire             3
   g - Mephitic Cloud                 Conjuration/Poison/Air       3
 i - a book of Air

   Spells                             Type                      Level
   a - Shock                          Conjuration/Air              1
   b - Swiftness                      Charms/Air                   2
   c - Repel Missiles                 Charms/Air                   2
   d - Static Discharge               Conjuration/Air              3
   e - Lightning Bolt                 Conjuration/Air              5


   Skills:
 - Level 1.5 Dodging
 - Level 1.5 Stealth
 + Level 3.4 Spellcasting
 - Level 3.1 Conjurations
   Level 0.7 Summonings
 + Level 0.7 Translocations


You had 3 spell levels left.
You knew the following spells:

 Your Spells              Type           Power        Failure   Level  Hunger
a - Magic Dart            Conj           ##..         4%          1    N/A
b - Mephitic Cloud        Conj/Pois/Air  #.......     34%         3    N/A
c - Blink                 Tloc           N/A          17%         2    N/A

Dungeon Overview and Level Annotations

Branches:
Dungeon (3/15)

Altars:


Innate Abilities, Weirdness & Mutations

You do not eat or drink.
Your flesh is vulnerable to fire.
You are immune to poison.
Your flesh is cold resistant. (rC+)
You are immune to negative energy. (rN+++)
You are immune to unholy pain and torment.
You can survive without breathing.


Message History

The stinking cloud engulfs the centaur.
You hear a shout!
The two-headed ogre is engulfed in noxious fumes.
The centaur is engulfed in noxious fumes.
The centaur appears confused.
The centaur is engulfed in noxious fumes.
The centaur appears confused.
The centaur is engulfed in noxious fumes.
The centaur asks, "Where am I?"
The two-headed ogre hits you with a giant club!
* * * LOW HITPOINT WARNING * * *
The two-headed ogre hits you with a giant club.
* * * LOW HITPOINT WARNING * * *
A kobold comes into view.
There is a stone staircase leading down here.
Casting: Mephitic Cloud
Confirm with . or Enter, or press ? or * to list all spells.
You blink.
The two-headed ogre closely misses you.
The two-headed ogre hits you with a giant club!
You die...

#.# #.##..##.###.#.## #.#.#####
#.###.##..##.# #.#.# #.#......
#.........##.###.#.####.#'#####
#####.###........#.........## ###
#.# ####.##########.....##
##.###.# #.##§## ##.......##
##...##.######.#..K####....c...(#
.................O....'.........'
##...##.#####...@..####.).......#
##.###.# ##.##.## ##.......##
#####.## ####.# ##O!...## ##...##
#c# ##(..## ##.....## #.#
#####'#### #.......# #.#
#.c.(....# ##.....## #.#
#.###.##.# #....## #.# #.###.##.#
# #.#.## #.#####.#....#.#


You could see a two-headed ogre, a centaur (confused) and a kobold.

Vanquished Creatures
  A howler monkey skeleton (D:1)
  3 adders
  A dart slug (D:1)
  2 leopard geckos (D:1)
  A ball python (D:2)
  7 bats
  4 giant cockroaches
  9 goblins
  9 hobgoblins
  2 jackals (D:2)
  2 frilled lizards
  2 kobolds (D:1)
  9 rats
52 creatures vanquished.

Notes
Turn   | Place    | Note
-------+----------+-------------------------------------------
     0 | D:1      | somonday the Mummy Wizard began the quest for the Orb.
     0 | D:1      | Reached XP level 1. HP: 13/13 MP: 4/4
    76 | D:1      | Reached skill level 1 in Conjurations
   446 | D:1      | Reached XP level 2. HP: 14/19 MP: 3/6
  4606 | D:1      | Reached XP level 3. HP: 24/24 MP: 0/7
  6622 | D:1      | Noticed an orc warrior
  6959 | D:2      | Learned a level 3 spell: Mephitic Cloud
  7028 | D:2      | Reached XP level 4. HP: 30/30 MP: 4/8
  7831 | D:1      | Learned a level 2 spell: Blink
  7837 | D:1      | Noticed a two-headed ogre
  7855 | D:1      | Noticed a centaur
  7882 | D:1      | Mangled by a two-headed ogre

Skill      XL: |  1  2  3 |
---------------+----------+-----
Conjurations   | 1 2 3 |  3.1
Dodging        | |  1.5
Stealth        | |  1.5
Spellcasting   | |  3.4
Summonings     | |  0.7
Translocations | |  0.7

Action                   |  1- 3 |  4- 6 || total
-------------------------+-------+-------++-------
Melee: Unarmed           |     6 |       ||     6
       Spear             |    18 |       ||    18
       Dagger            |    16 |       ||    16
 Cast: Magic Dart        |    97 |    34 ||   131
       Mephitic Cloud    |       |     1 ||     1
       Blink             |       |     1 ||     1
Armor: Robe              |     8 |     4 ||    12
Dodge: Dodged            |    37 |    11 ||    48
       Rpst.: Falchion   |       |     1 ||     1
